 Dungeon Crawl Stone Soup version 0.31-a0-232-gb1c03b2570 (webtiles) character file.

Game seed: 15001437448056377915

1362 qw the Skirmisher (level 8, -4/70 HPs)
             Began as a Minotaur Hexslinger on July 7, 2023.
             Slain by Eustachio
             ... wielding a +0 falchion
              (5 damage)
             ... on level 5 of the Dungeon.
             The game lasted 00:01:48 (3772 turns).

qw the Skirmisher (Minotaur Hexslinger)             Turns: 3772, Time: 00:01:48

Health: -4/70      AC:  7    Str: 12    XL:     8   Next: 37%
Magic:  8/8        EV: 13    Int:  8    God:
Gold:   216        SH:  0    Dex: 19    Spells: 8/9 levels left

rFire   . . .        Y - +1 sling (flame)
rCold   . . .        (no shield)
rNeg    . . .        k - +3 leather armour of the Arcane {rCorr Int-2 Dex+3}
rPois   .            (helmet restricted)
rElec   .            (no cloak)
rCorr   +            (no gloves)
SInv    .            f - +0 pair of boots
Will    .....        (no amulet)
Stlth   +            (no ring)
HPRegen 0.31/turn    (no ring)
MPRegen 0.11/turn

%: no passive effects
@: no status effects
A: horns 2, retaliatory headbutt
a: no special abilities


You were on level 5 of the Dungeon.
You visited 1 branch of the dungeon, and saw 5 of its levels.

You collected 240 gold pieces.
You spent 24 gold pieces at shops.


Innate Abilities, Weirdness & Mutations

You have a pair of horns on your head.
You reflexively headbutt those who attack you in melee.


   Skills:
 - Level 6.1 Fighting
 + Level 9.4 Ranged Weapons
 - Level 1.0 Armour
 - Level 4.0 Dodging
 - Level 1.0 Spellcasting
 - Level 2.0 Hexes


You had 8 spell levels left.
You knew the following spells:

 Your Spells              Type           Power      Damage    Failure   Level
a - Slow                  Hex            12%        N/A       22%         1

Your spell library contained the following spells:

 Spells                   Type           Power      Damage    Failure   Level
 Inner Flame              Hex/Fire       2%         N/A       69%         3
 Portal Projectile        Hex/Tloc       4%         N/A       69%         3
 Cause Fear               Hex            1%         N/A       91%         4

Inventory:

Hand Weapons
 Y - a +1 sling of flaming (weapon)
Armour
 f - a +0 pair of boots (worn)
 k - the +3 leather armour of the Arcane (worn) {rCorr Int-2 Dex+3}
   (You found it on level 3 of the Dungeon)

   Int:       It affects your intelligence (-2).
   Dex:       It affects your dexterity (+3).
   rCorr:     It protects you from acid and corrosion.
Jewellery
 e - a ring of ice
Wands
 i - a wand of digging (5)
Scrolls
 m - a scroll of noise {unknown}
Potions
 a - a potion of cancellation {unknown}
 b - a potion of attraction {unknown}
 c - a potion of ambrosia {unknown}
 d - a potion of resistance {unknown}
 g - a potion of enlightenment {unknown}
 h - 2 potions of curing
 j - a potion of might

Dungeon Overview and Level Annotations

Branches:
Dungeon (5/15)
 Temple: D:4-7

Altars:
Hepliaklqana
Ru
Yredelemnul
The Shining One

Shops:
D:1 *

Annotations:
D:2 1 runed translucent door, Crazy Yiuf
D:5 Eustachio


Message History

You headbutt the orc!
You kill the orc!
The orc barely misses you.
You hear some strange, mumbled words.
A magic dart appears from out of thin air!
The magic dart hits you.
You shoot a sling bullet.
The sling bullet hits Eustachio but does no damage.
Eustachio is moderately wounded.
The quokka closely misses you.
The orc hits you from afar with a +0 trident.
You hear some strange, mumbled words.
Something tries to affect you, but you resist.
Eustachio hits you with a +0 falchion.
You shoot a sling bullet. The sling bullet hits Eustachio.
The sling bullet burns Eustachio.
Eustachio is heavily wounded.
The quokka barely misses you. You furiously retaliate!
You headbutt the quokka. Something hits you.
Eustachio hits you with a +0 falchion. The orc barely misses you.
You shoot a sling bullet. The sling bullet hits Eustachio.
The sling bullet burns Eustachio.
Eustachio is severely wounded.
The quokka bites you but does no damage.
Something hits you but does no damage.
The quokka bites you but does no damage.
The orc hits you from afar with a +0 trident.
Eustachio closely misses you. You furiously retaliate!
You headbutt Eustachio. You shoot a sling bullet.
The sling bullet hits Eustachio.
The sling bullet burns Eustachio.
Eustachio is almost dead.
The quokka completely misses you. You furiously retaliate!
You headbutt the quokka!
You kill the quokka!
The quokka's corpse disappears in a puff of smoke!
You shoot a sling bullet. The sling bullet hits Eustachio.
The sling bullet burns Eustachio.
Eustachio is almost dead.
Something hits you but does no damage. Eustachio hits you with a +0 falchion.
You die...

..... ###
######..... ..#
#.......... ...
##.......... .##...
## ###...........
..#...
##.###.............
.....#
#.........55o##..
#...
#.......###@ยค##
#...# ##......#
#{@.# #....
#...##)# #.........
#....
#####..##..........
##...
#.))%####..<.###.
#... ##..## #.#....
######...) #....#
##.##.........#....
#....###..#
##.##.........
##........# ##
#........
#.##.....#
#......<.


You could see Eustachio, a white imp (summoned), an orc and an ufetubus
(summoned).

Vanquished Creatures
  Pikel (D:4)
  3 ogres (D:5)
  A lemure (D:4)
  4 scorpions
  A howler monkey (D:4)
  3 jellies
  A hound (D:5)
  Ijyb (D:5)
  An iguana (D:5)
  Robin (D:2)
  4 gnolls (D:5)
  4 adders
  2 worms
  2 dart slugs
  15 orcs
  5 bats
  13 endoplasms
  5 giant cockroaches
  25 goblins
  13 hobgoblins
  6 quokkas
  5 ball pythons
  3 frilled lizards
  12 kobolds
  6 rats
137 creatures vanquished.

Notes
Turn   | Place    | Note
-------+----------+-------------------------------------------
     0 | D:1      | qw the Minotaur Hexslinger began the quest for the Orb.
     0 | D:1      | Reached XP level 1. HP: 16/16 MP: 1/1
     0 | D:1      | 0 ||| qw: Version: 0.3-a-46-gb1f654a
     0 | D:1      | 0 ||| qw: Game counter: 2885
     0 | D:1      | 0 ||| qw: Melee chars always use a shield: true
     0 | D:1      | 0 ||| qw: God list: Okawaru
     0 | D:1      | 0 ||| qw: Allow faded altars: false
     0 | D:1      | 0 ||| qw: Do Orc after clearing Dungeon:15 true
     0 | D:1      | 0 ||| qw: Do second Lair branch before Depths: true
     0 | D:1      | 0 ||| qw: Lair rune preference: random
     0 | D:1      | 0 ||| qw: Goals: Normal
     0 | D:1      | 0 ||| PLANNING D:1-11
   113 | D:1      | 113 ||| Stepping ~*~*~tactically~*~*~ (outnumbered).
   115 | D:1      | 115 ||| Stepping ~*~*~tactically~*~*~ (outnumbered).
   128 | D:1      | Reached skill level 3 in Ranged Weapons
   179 | D:1      | Reached XP level 2. HP: 23/23 MP: 2/2
   458 | D:1      | Found Esmoc's Assorted Antiques.
   464 | D:1      | 464 ||| SHOPLISTING embroidered scarf (192 gold, have 47).
   464 | D:1      | 464 ||| BUYING scroll labelled BEHEYG XIXZAMYLLEN (24
                  | gold).
   464 | D:1      | Bought a scroll labelled BEHEYG XIXZAMYLLEN for 24 gold
                  | pieces
   464 | D:1      | 464 ||| SHOPLISTING scroll labelled BEHEYG XIXZAMYLLEN (24
                  | gold, have 23).
   464 | D:1      | 464 ||| SHOPLISTING scroll labelled HUPOKL TEUTAA (24 gold,
                  | have 23).
   464 | D:1      | 464 ||| SHOPLISTING scroll labelled PAPSASEZU (24 gold,
                  | have 23).
   658 | D:1      | 658 ||| UPGRADING to +0 ring mail.
   668 | D:1      | 668 ||| DROPPING +0 robe.
   669 | D:1      | 669 ||| DROPPING scarf of shadows.
   670 | D:1      | 670 ||| UPGRADING to +0 pair of boots.
   675 | D:1      | 675 ||| READING scroll labelled QEFOAW DATE.
   676 | D:1      | 676 ||| READING scroll labelled BEHEYG XIXZAMYLLEN.
   677 | D:1      | 677 ||| READING scroll labelled OSAUNI ZOUNT.
   678 | D:1      | 678 ||| DRINKING 2 purple potions.
   679 | D:1      | 679 ||| DROPPING scroll of poison.
   741 | D:2      | Reached XP level 3. HP: 29/29 MP: 3/3
   811 | D:2      | Noticed Robin
   823 | D:2      | Killed Robin
   824 | D:2      | Reached skill level 4 in Ranged Weapons
   834 | D:2      | Reached skill level 1 in Armour
   850 | D:2      | Reached XP level 4. HP: 36/36 MP: 4/4
  1018 | D:2      | Found a runed translucent door.
  1019 | D:2      | Noticed Crazy Yiuf
  1046 | D:2      | Found a glowing golden altar of the Shining One.
  1222 | D:2      | 1222 ||| SWAPPING to +1 sling of flaming.
  1223 | D:2      | 1223 ||| DROPPING +1 sling.
  1299 | D:2      | Reached skill level 5 in Ranged Weapons
  1557 | D:2      | 1557 ||| READING scroll labelled PAPSASEZU.
  1815 | D:3      | Reached XP level 5. HP: 40/44 MP: 5/5
  1823 | D:3      | Reached skill level 3 in Fighting
  1849 | D:3      | HP: 11/45 [frozen (2)]
  2003 | D:3      | Identified the +3 leather armour of the Arcane {rCorr Int-2
                  | Dex+3}
  2338 | D:3      | 2338 ||| UPGRADING to +3 leather armour of the Arcane
                  | {rCorr Int-2 Dex+3}.
  2348 | D:3      | 2348 ||| DROPPING +0 ring mail.
  2349 | D:3      | 2349 ||| READING scroll labelled HETUBRE JONAISM.
  2350 | D:3      | 2350 ||| READING scroll labelled QULUAFR ZADUPT.
  2351 | D:3      | 2351 ||| READING scroll labelled JARAMY JESEAZIARYKK.
  2462 | D:3      | Reached skill level 6 in Ranged Weapons
  2482 | D:3      | 2482 ||| DRINKING 3 fizzy amethyst potions.
  2601 | D:4      | Reached XP level 6. HP: 50/52 MP: 6/6
  2732 | D:4      | Noticed Pikel
  2748 | D:4      | Killed Pikel
  2749 | D:4      | Reached skill level 8 in Ranged Weapons
  2749 | D:4      | Reached XP level 7. HP: 43/60 MP: 7/7
  2749 | D:4      | 2749 ||| FLEEEEING.
  2750 | D:4      | 2750 ||| FLEEEEING.
  2751 | D:4      | 2751 ||| FLEEEEING.
  2752 | D:4      | 2752 ||| FLEEEEING.
  2753 | D:4      | 2753 ||| FLEEEEING.
  2754 | D:4      | 2754 ||| FLEEEEING.
  2755 | D:4      | 2755 ||| FLEEEEING.
  2756 | D:4      | 2756 ||| FLEEEEING.
  2757 | D:4      | 2757 ||| FLEEEEING.
  2758 | D:4      | 2758 ||| FLEEEEING.
  2759 | D:4      | 2759 ||| FLEEEEING.
  2760 | D:4      | 2760 ||| FLEEEEING.
  2761 | D:4      | 2761 ||| FLEEEEING.
  2762 | D:4      | 2762 ||| FLEEEEING.
  2763 | D:4      | 2763 ||| FLEEEEING.
  2764 | D:4      | 2764 ||| FLEEEEING.
  2765 | D:4      | 2765 ||| FLEEEEING.
  2766 | D:4      | 2766 ||| FLEEEEING.
  2767 | D:4      | 2767 ||| FLEEEEING.
  2768 | D:4      | 2768 ||| FLEEEEING.
  2769 | D:4      | 2769 ||| FLEEEEING.
  2770 | D:4      | 2770 ||| FLEEEEING.
  2771 | D:4      | 2771 ||| STAIRDANCE
  2907 | D:4      | Found a glowing golden altar of the Shining One.
  3020 | D:4      | Reached skill level 3 in Dodging
  3086 | D:4      | 3086 ||| DRINKING 2 dark potions.
  3107 | D:5      | Entered Level 5 of the Dungeon
  3276 | D:5      | Reached skill level 9 in Ranged Weapons
  3276 | D:5      | Reached XP level 8. HP: 35/68 MP: 8/8
  3290 | D:5      | 3290 ||| FLEEEEING.
  3390 | D:5      | Found a sacrificial altar of Ru.
  3392 | D:5      | Found a basalt altar of Yredelemnul.
  3393 | D:5      | Found a hazy altar of Hepliaklqana.
  3517 | D:5      | Noticed Ijyb
  3526 | D:5      | Killed Ijyb
  3527 | D:5      | Reached skill level 6 in Fighting
  3735 | D:5      | Noticed Eustachio
  3758 | D:5      | HP: 17/70 [Eustachio/+0 falchion (1)]
  3759 | D:5      | 3759 ||| DRINKING potion of heal wounds.
  3765 | D:5      | HP: 17/70 [something (1)]
  3769 | D:5      | HP: 8/70 [something (2)]
  3770 | D:5      | HP: 1/70 [orc/+0 trident (4)]
  3772 | D:5      | Slain by Eustachio

Levels and vault maps discovered:
D:1:      dpeg_arrival_chambers_temple_mockup, layout_basic, serial_shops, shop,
          st_stairs_11
D:2:      cheibrodos_greedy_goblins, layout_basic, basic_altar,
          uniq_crazy_yiuf_cottage, uniq_robin
D:3:      cheibrodos_fertilizer, layout_loops_cross
D:4:      layout_rooms, mainiacjoe_overflow_tiny_flanked, uniq_pikel
D:5:      layout_cave_pools, minitemple, uniq_eustachio, uniq_ijyb

Skill      XL: |  1  2  3  4  5  6  7  8 |
---------------+-------------------------+-----
Ranged Weapons | 3 4 5 6 8 9 |  9.4
Fighting       | 2 3 4 5 6 |  6.1
Armour         | 1 |  1.0
Dodging        | 3 4 |  4.0
Spellcasting   | |  1.0
Hexes          | |  2.0

Action                     |  1- 3 |  4- 6 |  7- 9 || total
---------------------------+-------+-------+-------++-------
   Fire: Sling             |    94 |   218 |   133 ||   445
    Use: Scroll            |     3 |     4 |       ||     7
         Potion            |     1 |     1 |     2 ||     4
 Armour: Robe              |     4 |       |       ||     4
         Ring mail         |    15 |    54 |       ||    69
         Leather armour    |       |    15 |    40 ||    55
  Dodge: Dodged            |    25 |   119 |   109 ||   253

Table legend:
 A = Non-vault XP
 B = Vault XP
 C = Vault XP percentage of total XP
 D = Non-vault monster count
 E = Vault monster count
 F = Vault count percentage of total count
                 A         B        C        D         E       F
            +---------+---------+-------+---------+---------+-------
      Total |    1113 |     834 |  42.8 |      86 |      50 |  36.8
            +---------+---------+-------+---------+---------+-------
        D:1 |      26 |       6 |  18.8 |      15 |       4 |  21.1
        D:2 |      70 |      58 |  45.3 |      21 |      25 |  54.3
        D:3 |      49 |     115 |  70.1 |      19 |      19 |  50.0
        D:4 |     329 |     617 |  65.2 |      12 |       1 |   7.7
        D:5 |     639 |      38 |   5.6 |      19 |       1 |   5.0
            +---------+---------+-------+---------+---------+-------
